Unix NetHack Version 5.0.0-0 post-release - last build Jul 14 2026 02:55:29 (1809b74e8187c3a3585e283601c3028b46cbbdcb,branch:main).

Game began 2026-07-16 18:14:14, ended 2026-07-16 19:01:49.

Jinnora, neutral female human Wizard

 ---
 |)
 |)                                -----
 |)           ----------------     |...|
 |)           |...............     |...|
 |@          #...............|     |...|
  |        ###|..............+     |..<|
           #  |..............|     |...|
         ###  --------------|-     |...|
         #                  #      -.---
         #                  #       #
 -|----  #                  #       #
 |.@:[.###                  #########
 |.@.d|                      ####
 |.)...                     ##  #
 ------                   --.---.-------
                          |............|
                          +............|
                          ----.---------

Jinnora the Thaumaturge   St:12 Dx:15 Co:15 In:18 Wi:11 Ch:14  Neutral
Dlvl:5  $:65 HP:0(56) Pw:31(65) AC:4  Xp:8/2213 T:8095 

Latest messages:
 m - a whistle.
 What do you want to use or apply? [cimnpvJKNQY or ?*] m
 You produce a strange whistling sound.
 You climb up the stairs.
 You see here 6 gold pieces.
 $ - 6 gold pieces (65 in total).
 The Woodland-elf shoots 3 runed arrows!
 You are hit by the 1st runed arrow!
 You are hit by the 2nd runed arrow.
 You are hit by the 3rd runed arrow!
 You hear some noises in the distance.
 In what direction? 9
 The spell hits the Woodland-elf!
 The Woodland-elf reads a scroll labeled ANDOVA BEGARIN!
 A lizard suddenly appears next to you!
 In what direction? 9
 The spell misses the lizard.
 The spell hits the Woodland-elf!
 The Woodland-elf resists!
 You kill the Woodland-elf!
 The Woodland-elf wields a runed broadsword!
 The large dog misses the Woodland-elf.
 The large dog bites the Woodland-elf.
 The Woodland-elf thrusts his runed spear at the large dog.
 The Woodland-elf misses the large dog.
 The lizard strikes at thin air!
 The Woodland-elf swings his runed broadsword.
 The Woodland-elf hits!
 In what direction? 9
 The spell hits the Woodland-elf!
 The Woodland-elf swings his runed broadsword.
 The Woodland-elf hits!
 The large dog misses the lizard.
 The large dog bites the lizard.
 The lizard misses the large dog.
 What do you want to drink? [fghkB or ?*] ?
 You feel more experienced.
 Welcome to experience level 8.
 The Woodland-elf thrusts his runed spear.
 The Woodland-elf hits!
 The Woodland-elf swings his runed broadsword.
 The Woodland-elf hits!
 The large dog bites the lizard.
 The large dog misses the lizard.
 What do you want to zap? [cpvNQ or ?*] ?
 Nothing happens.
 The Woodland-elf thrusts his runed spear.
 The Woodland-elf hits!
 You die...
 Do you want your possessions identified? [ynq] (y) q

Inventory:
 Coins    ('$')
  $ - 65 gold pieces
 Weapons  (')')
  a - a blessed +1 quarterstaff (weapon in hands)
 Armor    ('[')
  u - a cursed +0 pair of water walking boots (being worn)
  r - an uncursed +0 shield of reflection
  x - an uncursed +0 elven mithril-coat (being worn)
 Comestibles  ('%')
  W - 2 uncursed food rations
  V - an uncursed lizard corpse
 Scrolls  ('?')
  E - 2 uncursed scrolls of create monster
  G - a cursed scroll of enchant armor
  o - an uncursed scroll of remove curse
  C - 2 uncursed scrolls of teleportation
 Potions  ('!')
  k - a cursed potion of extra healing
  B - an uncursed potion of gain energy
  f - an uncursed potion of healing
  h - an uncursed potion of invisibility
 Rings    ('=')
  F - a cursed ring of aggravate monster
  b - an uncursed ring of conflict
 Wands    ('/')
  c - an uncursed wand of cancellation (0:3)
  v - an uncursed wand of digging (0:2)
  p - an uncursed wand of stasis (0:2)
  Q - an uncursed wand of striking (0:4)
  N - an uncursed wand of teleportation (0:0)
 Tools    ('(')
  n - an uncursed magic marker (0:21)
  m - an uncursed magic whistle
  K - an uncursed +0 pick-axe
  J - an uncursed skeleton key
  i - an uncursed wax candle
 Gems/Stones  ('*')
  O - an uncursed emerald
  H - 3 uncursed worthless pieces of blue glass
  D - 2 uncursed worthless pieces of green glass
  e - an uncursed worthless piece of violet glass
  Y - an uncursed luckstone

Jinnora the Wizard's attributes:

Background:
 You were a Thaumaturge, a level 8 female human Wizard.
 You were neutral, on a mission for Thoth
 who was opposed by Ptah (lawful) and Anhur (chaotic).
 You were right-handed.
 You were in the Dungeons of Doom, on level 5.
 You entered the dungeon 8095 turns ago.
 There was a new moon in effect when your adventure ended.
 You had 2213 experience points, 347 more were needed to attain level 9.

Basics:
 You had 0 out of 56 hit points.
 You had 31 out of 65 energy points (spell power).
 Your armor class was 4.
 Your wallet contained 65 zorkmids.
 Autopickup was off.

Final Characteristics:
 Your strength was 12 (limit:18/100).
 Your dexterity was 15 (limit:18).
 Your constitution was 15 (limit:18).
 Your intelligence was 18 (limit:18).
 Your wisdom was 11 (limit:18).
 Your charisma was 14 (limit:18).

Final Status:
 You weren't hungry.
 You were unencumbered.
 You were wielding a quarterstaff.
 You had basic skill with quarterstaff and could have enhanced that.

Final Attributes:
 You were piously aligned.
 You were fire resistant.
 You were invisible.
 You could walk on water.
 You were guarded.
 Your spell casting was impaired by metallic armor.
 You were unlucky.
 You had extra luck.
 Bad luck did not time out for you.
 Good luck did not time out for you.
 You are dead.

Miscellaneous:
 You didn't encounter any bones levels.
 Total elapsed playing time was 47 minutes and 34 seconds.

Major events:
 Turn
    1: Jinnora the neutral female human Wizard entered the dungeon
  758: attained the rank of Conjurer (level 3)
 1154: entered the Gnomish Mines
 3381: attained the rank of Thaumaturge (level 6)
 7241: reached Mine Town
 8095: killed by a Woodland-elf

Spells:
 Name                 Level Category     Fail Retention
 force bolt             1   attack        13%   51%-60%
 healing                1   healing       13%   51%-75%

Skills:
 Fighting Skills
   bare handed combat [Unskilled]
   riding             [Unskilled]
 Weapon Skills
   dagger             [Unskilled]
   knife              [Unskilled]
   axe                [Unskilled]
   short sword        [Unskilled]
   club               [Unskilled]
   mace               [Unskilled]
   quarterstaff       [Basic]
   polearms           [Unskilled]
   spear              [Unskilled]
   trident            [Unskilled]
   sling              [Unskilled]
   dart               [Unskilled]
   shuriken           [Unskilled]
 Spellcasting Skills
   attack spells      [Basic]
   healing spells     [Unskilled]
   divination spells  [Unskilled]
   enchantment spells [Basic]
   clerical spells    [Unskilled]
   escape spells      [Unskilled]
   matter spells      [Unskilled]

Voluntary challenges:
 Character rerolling was not enabled.
 You never genocided any monsters.
 You never polymorphed an object.
 You never changed form.
 You used no wishes.
Achievements:
 You attained the rank of Conjurer.
 You entered the Gnomish Mines.
 You attained the rank of Thaumaturge.
 You entered Minetown.
 You entered a temple.
 You entered a shop.

 The Dungeons of Doom: levels 1 to 6
    Level 1:
    Level 2:
       Some fountains, a sink.
    Level 3:
    Level 4:
       A fountain.
       Stairs down to The Gnomish Mines.
    Level 5: <- You were here.
       Final resting place for
          you, killed by a Woodland-elf.
    Level 6:
 The Gnomish Mines: levels 5 to 7
    Level 5:
    Level 6:
    Level 7:
       Many shops, a temple and an altar, some fountains.


Vanquished creatures:
  2 giant beetles
  a quivering blob
  a cockatrice
 an iron piercer
  a vampire bat
  a gnome ruler
  a werewolf
  2 lizards
  a dog
  a gnome mummy
  a human zombie
  a Woodland-elf
  3 wood nymphs
  a mountain nymph
 an orc shaman
  a rock piercer
  5 yellow lights
  8 gnome leaders
  2 gnomish wizards
  2 gray oozes
 12 giant ants
  2 floating eyes
  2 kittens
  7 dwarves
  3 homunculi
  a centipede
  2 giant bats
 an orc zombie
  a wererat
 an iguana
  2 acid blobs
  a gas spore
  3 hobbits
  2 manes
  3 large kobolds
  a hobgoblin
  2 giant rats
  4 cave spiders
  a yellow mold
  a green mold
 19 gnomes
  5 garter snakes
  5 geckos
  4 jackals
  2 foxes
  2 kobolds
  a goblin
  4 sewer rats
  6 grid bugs
  3 bats
  3 lichens
  3 kobold zombies
  5 newts
151 creatures vanquished.

No species were genocided or became extinct.

Game over:
                       ----------
                      /          \
                     /    REST    \
                    /      IN      \
                   /     PEACE      \
                  /                  \
                  |     Jinnora      |
                  |      65 Au       |
                  |   killed by a    |
                  |   Woodland-elf   |
                  |                  |
                  |                  |
                  |       2026       |
                 *|     *  *  *      | *
        _________)/\\_//(\/(/\)/\//\/|_)_______

Goodbye Jinnora the Wizard...

You died in The Dungeons of Doom on dungeon level 5 with 4857 points,
and 65 pieces of gold, after 8095 moves.
You were level 8 with a maximum of 56 hit points when you died.

